 Seeded DCSS version 0.30.1-4-g462c640d31 (webtiles) character file.

Game seed: 15660985446129201502 (custom seed)

4671 AccursedSamuel the Cruncher (level 10, 0/61 HPs)
             Began as a Tengu Monk on Sept 12, 2023.
             Succumbed to a kobold brigand's curare-tipped dart
             ... on level 8 of the Dungeon.
             The game lasted 00:22:29 (7405 turns).

AccursedSamuel the Cruncher (Tengu Monk)            Turns: 7405, Time: 00:22:29

Health: 0/61       AC: 19    Str: 15    XL:     10   Next: 44%
Magic:  11/11      EV: 22    Int: 12    God:
Gold:   411        SH:  0    Dex: 16    Spells: 9/9 levels left

rFire   . . .        q - +4 quarterstaff (chaos)
rCold   + . .        (shield currently unavailable)
rNeg    . . .        m - +3 chain mail {rC+}
rPois   .            (helmet restricted)
rElec   .            r - +2 cloak
rCorr   .            (no gloves)
SInv    .            (boots unavailable)
Will    .....        (no amulet) Stlth
                     e - ring of the Hare {EV+10}
HPRegen 0.30/turn    i - +4 ring of protection
MPRegen 0.12/turn

%: no passive effects
@: lethally poisoned (0 -> -35), flying quickly and evasively, slowed, very slow
A: beak, talons 3, nimble flight
a: no special abilities


You were on level 8 of the Dungeon.
You visited 2 branches of the dungeon, and saw 9 of its levels.

You collected 411 gold pieces.

Inventory:

Hand Weapons
 q - a +4 quarterstaff of chaos (weapon)
Armour
 d - an orb of light
 m - a +3 chain mail of cold resistance (worn)
 r - a +2 cloak (worn)
Jewellery
 e - the ring of the Hare (left hand) {EV+10}
   (You acquired it on level 1 of the Dungeon)

   [ring of evasion]

   EV:        It affects your evasion (+10).
 i - a +4 ring of protection (right hand)
 p - a ring of protection from cold
Wands
 b - a wand of iceblast (7)
Scrolls
 a - a scroll of blinking
 f - 3 scrolls of identify
 j - 7 scrolls of teleportation
 o - a scroll of brand weapon {unknown}
Potions
 c - 2 potions of ambrosia
 g - 2 potions of haste
 h - a potion of magic
 k - a potion of lignification
 l - 4 potions of heal wounds
 n - 2 potions of attraction
 s - a potion of invisibility {unknown}
 t - a potion of curing {unknown}


   Skills:
 + Level 6.5 Fighting
 + Level 5.8 Long Blades
 + Level 10.8 Staves
 + Level 4.8 Armour
 + Level 7.5 Dodging
 + Level 4.0 Stealth


You had 9 spell levels left.
You didn't know any spells.
Your spell library contained the following spells:

 Spells                   Type           Power      Damage    Failure   Level
 Cigotuvi's Dreadful Rot  Necr/Pois/Air  0%         N/A       99%         2
 Lesser Beckoning         Tloc           0%         N/A       99%         2
 Gell's Gravitas          Tloc           0%         N/A       100%        3
 Ignite Poison            Fire/Tmut/Pois 0%         N/A       100%        3
 Teleport Other           Tloc           0%         N/A       100%        3
 Dispel Undead            Necr           0%         3d6       100%        4
 Sticky Flame             Conj/Fire      0%         2d3       100%        4
 Death Channel            Necr           0%         N/A       100%        6
 Ignition                 Fire           0%         3d3       100%        8


Dungeon Overview and Level Annotations

Branches:
Dungeon (8/15)             Temple (1/1) D:7
   Lair: D:8-11

Altars:
Ashenzari
Cheibriados
Dithmenos
Elyvilon
Gozag
Hepliaklqana
Makhleb
Nemelex Xobeh
Okawaru
Qazlal
Ru
Sif Muna
Trog
Uskayaw
Vehumet
Wu Jian
Xom
Yredelemnul
Zin
Lugonu

Annotations:
D:6 3 runed translucent doors, 0gre's ghost, novice GnIE


Innate Abilities, Weirdness & Mutations

You have a beak for a mouth.
You have claws for feet.
Your magical nature lets you fly swiftly and evasively.


Message History

The kobold brigand hits you but does no damage.
The yak gores you!
You barely miss the kobold brigand. Your kick misses the kobold brigand.
The kobold brigand is moderately wounded.
The kobold brigand hits you but does no damage.
A yak comes into view. x2
The yak completely misses you.
The yak bellows! x2
You sock the kobold brigand! You burn the kobold brigand.
You claw the kobold brigand, but do no damage.
Your peck misses the kobold brigand.
The kobold brigand is almost dead.
You hear an angry hiss.
You hear a shout!
A wyvern comes into view.
You hear an angry hiss.
Things that are here:
a +0 club; a potion of attraction The kobold brigand throws a curare-tipped dart.
The curare-tipped dart misses you.
The kobold brigand throws a curare-tipped dart.
The curare-tipped dart hits you.
You are poisoned.
You have difficulty breathing.
You feel yourself slow down.
You feel very sick.
The kobold brigand throws a curare-tipped dart.
The curare-tipped dart hits you.
You are more poisoned.
You have difficulty breathing.
You feel as though you will be slow longer.
You feel extremely sick.
The kobold brigand throws a curare-tipped dart.
The curare-tipped dart closely misses you.
You feel extremely sick.
The kobold brigand throws a curare-tipped dart.
The curare-tipped dart hits you.
You are lethally poisoned!
You have difficulty breathing.
* * * LOW HITPOINT WARNING * * *
You feel as though you will be slow longer.
You die...

#l####Y#xx.##
#....)Y#u...##
######K###x..### #####
#### #)K###ux... ....# ..#
#Y...##$... ##..# #.#
#..[.©#©._.
##>.########.####...##....
...............##.###.....
##..########...†@###...###
##..# ###.<.##.#....##
....# ......#.#.#..###
.#### #####...##.##[. .#
.# ##.....# ### .####.###
####.## ..#.....# #.#
........# #.# ........#
#.#


You could see 2 ugly things, a kobold brigand and 2 small abominations.

Vanquished Creatures
  Sigmund (D:4)
  2 wyverns (D:8)
  5 yaks
  3 steam dragons
  Menkaure (D:6)
  Edmund (D:5)
  2 water moccasins (D:8)
  An orc warrior (D:7)
  A black bear (D:8)
  5 sky beasts
  2 centaurs (D:6)
  2 ogres
  A gnoll sergeant (D:7)
  3 scorpions
  9 wights
  A howler monkey (D:6)
  5 hounds
  3 quasits (D:5)
  Crazy Yiuf (D:2)
  3 orc priests
  5 iguanas
  Jessica (D:2)
  2 sleepcaps
  Ijyb (D:4)
  3 orc wizards
  8 gnolls
  4 adders
  4 shadow imps
  2 white imps (D:5)
  7 ufetubi
  A worm (D:4)
  4 dart slugs
  18 orcs
  8 endoplasms
  2 giant cockroaches (D:2)
  7 goblins
  7 hobgoblins
  5 kobolds
  5 quokkas
  5 ball pythons
  2 bats
  4 frilled lizards (D:2)
  7 rats
  A spectral kobold (D:2)
165 creatures vanquished.

Notes
Turn   | Place    | Note
-------+----------+-------------------------------------------
     0 | D:1      | AccursedSamuel the Tengu Monk began the quest for the Orb.
     0 | D:1      | Reached XP level 1. HP: 14/14 MP: 2/2
    76 | D:1      | Reached XP level 2. HP: 13/19 MP: 3/3
   146 | D:1      | Identified a scroll of acquirement
   146 | D:1      | Acquired the ring of the Hare {EV+10}
   146 | D:1      | Found the ring of the Hare {EV+10}
   286 | D:2      | Noticed Jessica
   292 | D:2      | Killed Jessica
   293 | D:2      | Reached XP level 3. HP: 9/23 MP: 4/4
   582 | D:2      | Reached XP level 4. HP: 22/28 MP: 5/5
   661 | D:2      | Found a faded altar of an unknown god.
   793 | D:2      | Found a runed translucent door.
   794 | D:2      | Noticed Crazy Yiuf
   908 | D:2      | Killed Crazy Yiuf
  1371 | D:3      | Gained mutation: Your magical nature lets you fly swiftly
                  | and evasively. [Tengu growth]
  1371 | D:3      | Reached XP level 5. HP: 32/32 MP: 6/6
  1382 | D:3      | Reached skill level 5 in Long Blades
  1382 | D:3      | Reached skill level 1 in Stealth
  1516 | D:3      | Found an ornate altar of the Wu Jian Council.
  1803 | D:4      | Reached XP level 6. HP: 38/38 MP: 7/7
  1846 | D:4      | Noticed Sigmund
  2064 | D:4      | Reached skill level 1 in Staves
  2290 | D:4      | Noticed Ijyb
  2303 | D:4      | Killed Ijyb
  2311 | D:4      | Killed Sigmund
  2312 | D:4      | Reached skill level 2 in Staves
  2312 | D:4      | Reached skill level 5 in Dodging
  2312 | D:4      | Reached XP level 7. HP: 14/43 MP: 8/8
  2783 | D:4      | Reached skill level 3 in Staves
  3111 | D:5      | Entered Level 5 of the Dungeon
  3228 | D:5      | Found a sacrificial altar of Ru.
  3281 | D:5      | Reached skill level 4 in Staves
  3490 | D:5      | Reached XP level 8. HP: 48/48 MP: 9/9
  3650 | D:5      | Reached skill level 5 in Staves
  3758 | D:5      | Found a white marble altar of Elyvilon.
  3893 | D:5      | Noticed Edmund
  3912 | D:5      | Killed Edmund
  4425 | D:6      | Noticed Menkaure
  4518 | D:6      | Killed Menkaure
  4538 | D:6      | Reached skill level 6 in Staves
  4731 | D:6      | Reached skill level 1 in Armour
  4734 | D:6      | Reached skill level 7 in Staves
  4734 | D:6      | Reached XP level 9. HP: 31/53 MP: 10/10
  4856 | D:6      | Reached skill level 5 in Fighting
  4923 | D:6      | Found a runed translucent gate.
  4923 | D:6      | Found a runed translucent gate.
  4947 | D:6      | Found a runed translucent gate.
  4954 | D:6      | Noticed 0gre's ghost (novice GnIE)
  5355 | D:6      | Reached skill level 8 in Staves
  5616 | D:6      | Found a hide-covered altar of Uskayaw.
  6209 | D:7      | Found a staircase to the Ecumenical Temple.
  6223 | Temple   | Entered the Ecumenical Temple
  6793 | D:7      | Reached skill level 9 in Staves
  7025 | D:8      | Reached XP level 10. HP: 35/60 MP: 11/11
  7185 | D:8      | Reached skill level 10 in Staves
  7332 | D:8      | Found a corrupted altar of Lugonu.
  7332 | D:8      | Noticed a brown ugly thing
  7333 | D:8      | Noticed a red ugly thing
  7405 | D:8      | Succumbed to a kobold brigand's curare-tipped dart

Illustrated notes

Levels and vault maps discovered:
D:1:      minmay_arrival_pointy, layout_loops_ring, minmay_gold_behind_fungi
D:2:      layout_basic, dreamdust_ecumenical_altar_drowned_temple,
          hangedman_decor_clover_reticule, fountainhead,
          uniq_crazy_yiuf_cottage, uniq_jessica
D:3:      layout_loops_ring, general_overflow_altar, serial_bayou_pond_d
D:4:      layout_basic, nicolae_eternal_life, uniq_ijyb, uniq_sigmund
D:5:      layout_layer_cave, mainiacjoe_overflow_small_starburst,
          elyvilon_altar_1, serial_demonic, serial_demonic_e, serial_demonic_b,
          serial_demonic_e, serial_demonic_a, serial_demonic_e,
          serial_demonic_e, serial_demonic_g, serial_demonic_a,
          serial_demonic_d, serial_demonic_g, uniq_edmund
D:6:      layout_basic, nicolae_uskayaw_suspiria, ebering_ghost_rock_garden,
          minivault_22, uniq_menkaure
D:7:      layout_cave_pools, minmay_temple_entry_junction_2, hex_tiny,
          nicolae_kite_square_tiling_tiny
D:8:      gammafunk_corrupted_shrine, layout_loops_cross, lemuel_crystal_altar,
          minmay_lair_entry_grove, hangedman_misty_isle
Temple:   nicolae_temple_superstar

Skill      XL: |  1  2  3  4  5  6  7  8  9 10 |
---------------+-------------------------------+-----
Long Blades    | 4 5 |  5.8
Dodging        | 4 5 6 7 |  7.5
Stealth        | 1 2 3 4 |  4.0
Staves         | 2 4 7 9 10 | 10.8
Fighting       | 4 6 |  6.5
Armour         | 1 4 |  4.8

Action                     |  1- 3 |  4- 6 |  7- 9 | 10-12 || total
---------------------------+-------+-------+-------+-------++-------
  Melee: Falchion          |    53 |    57 |       |       ||   110
         Kick              |    13 |    29 |    78 |    18 ||   138
         Peck              |     8 |    10 |    47 |     6 ||    71
         Quarterstaff      |       |    49 |   272 |    69 ||   390
    Use: Scroll            |     1 |     6 |     5 |       ||    12
         Potion            |       |     5 |     5 |       ||    10
   Stab: Sleeping          |       |     6 |     3 |       ||     9
         Confused          |       |       |     1 |       ||     1
 Armour: Robe              |    13 |     1 |       |       ||    14
         Skin              |       |     3 |    17 |       ||    20
         Chain mail        |       |       |    67 |    27 ||    94
  Dodge: Dodged            |    64 |   119 |   376 |    75 ||   634
